 Dungeon Crawl Stone Soup version 0.28-a0-723-g095bd1b44f (webtiles) character file.

Game seed: 13114278434939304718

582 cheechan the Chopper (level 7, -1/66 HPs)
             Began as a Naga Chaos Knight on Oct 25, 2021.
             Was a Plaything of Xom.
             Slain by a hound skeleton (3 damage)
             ... on level 4 of the Dungeon.
             The game lasted 00:06:46 (2211 turns).

cheechan the Chopper (Naga Chaos Knight)            Turns: 2211, Time: 00:06:47

Health: -1/66      AC:  7    Str: 16    XL:     7   Next: 36%
Magic:  7/7        EV: 10    Int: 12    God:    Xom [.....*]
Gold:   64         SH:  0    Dex: 11    Spells: 6/6 levels left

rFire   . . .      SeeInvis +   a - +0 hand axe (chaos)
rCold   . . .      Faith    .   (no shield)
rNeg    . . .      Spirit   .   b - +3 leather armour
rPois   +          Reflect  .   (no helmet)
rElec   .          Harm     .   (no cloak)
rCorr   .          Rampage  .   (no gloves)
Will    .....                   (no barding)
Stlth   +.........              (no amulet)
HPRegen 0.21/turn               (no ring)
MPRegen 0.10/turn               (no ring)

@: short of breath, very slow
A: AC +2, large, see invisible, deformed body, poison resistance, slowness 2,
spit poison 1, naga tail 1
a: Spit Poison, Renounce Religion


You were on level 4 of the Dungeon.
You worshipped Xom.
You were Xom's teddy bear.
You visited 1 branch of the dungeon, and saw 4 of its levels.

You collected 64 gold pieces.

Inventory:

Hand Weapons
 a - a +0 hand axe of chaos (weapon)
Missiles
 d - 35 stones
 f - 23 arrows
 g - a boomerang
Armour
 b - a +3 leather armour (worn)
Wands
 e - a wand of acid (10)
 i - a wand of digging (6)
Potions
 c - a potion of flight
 h - 2 potions of brilliance


   Skills:
 + Level 4.5 Fighting
 + Level 5.8 Axes
 + Level 2.8 Armour
 + Level 2.6 Dodging
 + Level 1.7 Stealth


You had 6 spell levels left.
You didn't know any spells.
Your spell library contained the following spells:

 Spells                   Type           Power      Damage    Failure   Level
 Freeze                   Ice            0%         1d3       36%         1
 Frozen Ramparts          Ice            0%         1d2       75%         3
 Ignite Poison            Fire/Tmut/Pois 0%         N/A       75%         3
 Mephitic Cloud           Conj/Pois/Air  0%         N/A       75%         3
 Hailstorm                Conj/Ice       0%         3d3       98%         4
 Freezing Cloud           Conj/Ice/Air   0%         6-21      100%        5


Dungeon Overview and Level Annotations

Branches:
Dungeon (3/15)

Altars:
Dithmenos
Gozag


Innate Abilities, Weirdness & Mutations

Your serpentine skin is tough. (AC +2)
You have supernaturally acute eyesight. (SInv)
Armour fits poorly on your strangely shaped body.
Your system is resistant to poisons. (rPois)
You cover ground very slowly.
You can spit poison.
You have a snake-like lower body.


Message History

Pikel hits you with a +0 whip of freezing.
* * * LOW HITPOINT WARNING * * *
Pikel freezes you.
* * * LOW HITPOINT WARNING * * *
You barely miss Pikel.
Pikel is severely wounded.
The hound skeleton is no longer paralysed.
You barely miss Pikel.
Pikel is severely wounded.
You have got your breath back.
Pikel hits you with a +0 whip of freezing.
* * * LOW HITPOINT WARNING * * *
Pikel freezes you.
* * * LOW HITPOINT WARNING * * *
Abil: Spit Poison
Press: ? - help, Q - select action, (/) - cycle Shift-Dir - straight line, f/p - Pikel
Aim: Pikel, wielding a +0 whip of freezing and wearing a +0 robe (severely wounded, very poisoned, slow)
The splash of poison hits Pikel!
Pikel looks as sick as possible!
Pikel is almost dead.
Pikel hits you but does no damage.
You barely miss Pikel.
Pikel is almost dead.
You kill Pikel!
With Pikel's spell broken, his former minions thank you for their freedom.
The lemure departs this earthly plane. x4
Your Fighting skill increases to level 4!
Your Axes skill increases to level 5!
Your Dodging skill increases to level 2!
Your Stealth skill increases to level 1!
You have reached level 6!
Your experience leads to an increase in your attributes!
Increase (S)trength, (I)ntelligence, or (D)exterity?
You feel stronger.
Your skin feels tougher.
You have reached level 7!
Okay, then.
You aren't carrying any scrolls.
You can't do that yet.
Unknown command.
You barely miss the hound skeleton. The hound skeleton bites you.
You die...

#####.>.
#...#.. #.
#.....
#..##....#
#......§.#
#..5..§§§#
#+#####)##
##.. #..Z#
#....#..@#
#....'...#
###.##.###
# #.# ..#
...# ....+
.....#
#.....#


You could see a hound skeleton.

Vanquished Creatures
  Pikel (D:4)
  An orc wizard (D:3)
  4 adders
  A worm (D:3)
  A dart slug (D:1)
  5 orcs (D:3)
  4 endoplasms
  4 giant cockroaches
  6 hobgoblins
  4 jackals (D:1)
  7 kobolds
  3 quokkas
  6 ball pythons
  2 bats
  8 frilled lizards
  3 goblins (D:1)
  4 rats
64 creatures vanquished.

Notes
Turn   | Place    | Note
-------+----------+-------------------------------------------
     0 | D:1      | cheechan the Naga Chaos Knight began the quest for the Orb.
     0 | D:1      | Reached XP level 1. HP: 21/21 MP: 1/1
    52 | D:1      | XOM: potion effect (might)
    57 | D:1      | Reached XP level 2. HP: 16/28 MP: 2/2
   257 | D:1      | XOM: potion effect (curing)
   436 | D:1      | Reached skill level 1 in Dodging
   483 | D:1      | Reached XP level 3. HP: 32/34 MP: 3/3
   678 | D:1      | You fall into a shaft and drop 1 floor!
   811 | D:2      | XOM: 4-stop teleportation journey
   912 | D:2      | XOM: silly message
   950 | D:2      | XOM: 1-stop teleportation journey
  1209 | D:2      | Reached XP level 4. HP: 41/42 MP: 4/4
  1240 | D:2      | Found a shadowy altar of Dithmenos.
  1531 | D:3      | XOM: blink monster(s)
  1541 | D:3      | Reached skill level 4 in Axes
  1761 | D:3      | Reached XP level 5. HP: 38/49 MP: 5/5
  1790 | D:3      | XOM: summons 3 hostile shadow creatures
  1799 | D:3      | XOM: god gift: book of Frost
  1948 | D:3      | Found an opulent altar of Gozag.
  2033 | D:3      | XOM: god gift: worn iron wand {god gift}
  2107 | D:3      | XOM: 2-stop teleportation journey
  2175 | D:3      | XOM: 2-stop teleportation journey
  2176 | D:3      | You fall into a shaft and drop 1 floor!
  2184 | D:4      | Noticed Pikel
  2184 | D:4      | Noticed a lemure
  2184 | D:4      | Noticed a lemure
  2184 | D:4      | Noticed a lemure
  2185 | D:4      | Noticed a lemure
  2194 | D:4      | XOM: enchant monster (good)
  2207 | D:4      | HP: 2/49 [Pikel (4)]
  2209 | D:4      | Killed Pikel
  2210 | D:4      | Reached skill level 5 in Axes
  2210 | D:4      | Reached skill level 1 in Stealth
  2210 | D:4      | Reached XP level 6. HP: 1/58 MP: 6/6
  2210 | D:4      | Reached XP level 7. HP: 1/66 MP: 7/7
  2211 | D:4      | Slain by a hound skeleton

Illustrated notes

Levels and vault maps discovered:
D:1:      erik_arrival_blinker_ship, layout_loops_cross
D:2:      layout_basic, basic_altar
D:3:      layout_basic, mainiacjoe_overflow_tiny_flanked,
          chequers_serial_rivers_marsh, minmay_pentangle
D:4:      layout_gridville, evilmike_ruin_ashenzari, general_overflow_altar,
          st_stairs_1, uniq_pikel, uniq_ijyb, uniq_robin

Skill      XL: |  1  2  3  4  5 |
---------------+----------------+-----
Armour         | 2 |  2.8
Dodging        | 1 2 |  2.6
Axes           | 4 5 |  5.8
Fighting       | 4 |  4.5
Stealth        | 1 |  1.7

Action                   |  1- 3 |  4- 6 |  7- 9 || total
-------------------------+-------+-------+-------++-------
Melee: Hand axe          |    89 |    96 |     1 ||   186
 Abil: Spit Poison       |     7 |     7 |       ||    14
  Use: Scroll            |     2 |     5 |       ||     7
Armor: Leather armour    |    38 |    49 |       ||    87
Dodge: Dodged            |    54 |    64 |       ||   118

Table legend: (Time is in decaauts)
 A = Elapsed time spent in this place.
 B = Non-inter-level travel time spent in this place.
 C = Inter-level travel time spent in this place.
 D = Time resting spent in this place.
 E = Time spent auto-exploring this place.
 F = Levels seen in this place.
 G = Mean time per level.
                   A        B        C        D        E       F      G
               +--------+--------+--------+--------+--------+-----+--------+
         Total |   2814 |   2814 |      0 |    508 |      0 |   4 |  703.5 |
       Dungeon |   2814 |   2814 |      0 |    508 |      0 |   4 |  703.5 |
               +--------+--------+--------+--------+--------+-----+--------+

Top non-repeatable levels by time:
     D:2: 992 daAuts
     D:3: 924 daAuts
     D:1: 857 daAuts
     D:4: 40 daAuts
